General information
- name: BNet
- type: Ladder 1vs1/FFA
- host: Battle.net
- saver: Nagger_
map: GnollWood
- players: 2
- length: 69:41
- speed: Fast
- version: 1.26 W3XP
- replay type: Public
» download(187 KB)
Players
team 1 (loser)

»
HillBilly (
teal | 79 APM | 5469 actions | 69:38)
5 Demon Hunter
3 Mana Burn
2 Evasion
2 Beastmaster
1 Summon Quilbeast
1 Summon Hawk
3 Firelord
2 Summon Lava Spawn
1 Incinerate
» actions
| Assign group hotkey | 519 | |
| Basic commands | 129 | |
| Build / train | 127 | |
| ESC pressed | 9 | |
| Enter build submenu | 34 | |
| Enter hero's abilities submenu | 10 | |
| Give item / drop item | 7 | |
| Right click | 2261 | |
| Select / deselect | 806 | |
| Select group hotkey | 1139 | |
| Use ability | 428 | |
5469 total
» units
| Wisp | 33 | |
| Archer | 1 | |
| Forest Troll Berserker | 6 | |
| Forest Troll Shadow Priest | 13 | |
| Druid of the Talon | 5 | |
| Chimaera | 7 | |
| Hippogryph | 2 | |
67 total
» upgrades
| Strength of the Wild | 1 | |
| Druid of the Talon Training | 2 | |
| Nature's Blessing | 1 | |
| Corrosive Breath | 1 | |
| Reinforced Hides | 1 | |
6 total
» buildings
| Altar of Elders | 1 | |
| Moon Well | 5 | |
| Ancient of War | 1 | |
| Ancient of Wonders | 1 | |
| Tree of Ages | 2 | |
| Hunter's Hall | 1 | |
| Tree of Eternity | 3 | |
| Ancient of Wind | 2 | |
| Ancient Protector | 11 | |
| Chimaera Roost | 1 | |
| Tree of Life | 5 | |
33 total
» build order
00:05 Altar of Elders
00:17 Moon Well
01:09 Ancient of War
01:33 Moon Well
01:59 Ancient of Wonders
03:25 Tree of Ages
04:56 Moon Well
05:04 Hunter's Hall
06:00 Tree of Eternity
06:00 Tree of Eternity
06:02 Ancient of Wind
06:30 Ancient of Wind
06:42 Moon Well
06:46 Ancient Protector
07:30 Ancient Protector
08:57 Chimaera Roost
09:57 Tree of Life
10:36 Moon Well
10:41 Ancient Protector
12:16 Ancient Protector
13:17 Ancient Protector
13:41 Ancient Protector
14:11 Ancient Protector
14:42 Tree of Life
15:16 Ancient Protector
17:25 Tree of Life
18:48 Tree of Life
21:58 Tree of Ages
22:34 Ancient Protector
26:32 Ancient Protector
28:22 Ancient Protector
31:57 Tree of Life
» items
| Boots of Speed | 1 | |
| Dust of Appearance | 2 | |
| Potion of Lesser Invulnerability | 4 | |
| Orb of Venom | 1 | |
| Lesser Clarity Potion | 2 | |
| Potion of Healing | 1 | |
| Staff of Preservation | 1 | |
| Scroll of Town Portal | 2 | |
| Moonstone | 1 | |
15 total
team 2 (winner)
Nagger_ (
blue | 46 APM | 3229 actions | 69:41)
10 Blademaster
3 Wind Walk
3 Critical Strike
1 Bladestorm
3 Mirror Image
» actions
| Assign group hotkey | 44 | |
| Basic commands | 152 | |
| Build / train | 139 | |
| Enter build submenu | 85 | |
| Enter hero's abilities submenu | 10 | |
| Give item / drop item | 8 | |
| Remove unit from queue | 1 | |
| Right click | 1343 | |
| Select / deselect | 659 | |
| Select group hotkey | 481 | |
| Use ability | 307 | |
3229 total
» units
» upgrades
| Ranged Weapons | 3 | |
| Liquid Fire | 1 | |
| Reinforced Defenses | 1 | |
| Armor | 3 | |
| Envenomed Spears | 1 | |
| Ensnare | 1 | |
| Spiked Barricades | 1 | |
| War Drums Damage Increase | 1 | |
| Pillage | 1 | |
| Melee Weapons | 1 | |
14 total
» buildings
| Orc Burrow | 6 | |
| Altar of Storms | 1 | |
| Voodoo Lounge | 2 | |
| War Mill | 31 | |
| Stronghold | 1 | |
| Watch Tower | 42 | |
| Beastiary | 5 | |
| Fortress | 1 | |
| Great Hall | 9 | |
| Barracks | 1 | |
| Spirit Lodge | 1 | |
| Tauren Totem | 1 | |
101 total
» build order
00:12 Orc Burrow
00:35 Altar of Storms
00:52 Voodoo Lounge
01:24 War Mill
02:41 Stronghold
03:11 Watch Tower
03:12 Watch Tower
03:24 Orc Burrow
04:01 Watch Tower
04:03 Watch Tower
04:33 Watch Tower
04:57 Watch Tower
05:27 Beastiary
05:59 Beastiary
06:03 Beastiary
06:14 Orc Burrow
06:43 Orc Burrow
06:50 Orc Burrow
08:13 Fortress
08:24 Watch Tower
08:26 Watch Tower
08:36 Watch Tower
13:19 Watch Tower
13:20 Watch Tower
13:55 Watch Tower
15:15 Great Hall
16:14 Barracks
16:16 Beastiary
16:21 War Mill
17:03 Watch Tower
18:47 Watch Tower
18:56 Watch Tower
18:57 Watch Tower
19:56 Watch Tower
19:57 Watch Tower
21:45 Beastiary
22:32 War Mill
27:36 Great Hall
28:51 Watch Tower
28:51 Watch Tower
28:51 Watch Tower
28:53 Watch Tower
29:17 Watch Tower
29:59 Watch Tower
30:18 Great Hall
30:21 Watch Tower
30:21 Watch Tower
30:22 Watch Tower
30:24 Watch Tower
31:39 Watch Tower
31:40 Watch Tower
31:41 Watch Tower
31:43 Watch Tower
36:20 Watch Tower
36:20 Watch Tower
36:22 Watch Tower
36:23 Watch Tower
36:32 Voodoo Lounge
37:15 Watch Tower
37:17 Watch Tower
37:19 Watch Tower
37:22 Watch Tower
37:22 Watch Tower
37:23 Watch Tower
46:24 War Mill
47:44 War Mill
47:48 War Mill
47:49 War Mill
47:50 War Mill
47:53 War Mill
47:54 War Mill
47:56 War Mill
47:58 War Mill
48:01 War Mill
48:03 War Mill
48:04 War Mill
48:05 War Mill
48:10 War Mill
48:13 War Mill
48:14 War Mill
48:18 War Mill
48:22 War Mill
48:23 War Mill
48:25 War Mill
48:27 War Mill
48:29 War Mill
48:30 War Mill
48:31 War Mill
48:35 War Mill
49:56 Great Hall
58:16 War Mill
58:23 War Mill
58:33 War Mill
58:45 Great Hall
58:52 Great Hall
59:04 Orc Burrow
59:23 Great Hall
59:28 Great Hall
60:55 Great Hall
68:52 Spirit Lodge
68:55 Tauren Totem
» items
| Healing Salve | 4 | |
| Lesser Clarity Potion | 12 | |
| Boots of Speed | 1 | |
| Potion of Healing | 10 | |
| Potion of Mana | 9 | |
| Scroll of Town Portal | 4 | |
| Orb of Lightning | 1 | |
| Potion of Lesser Invulnerability | 1 | |
| Periapt of Vitality | 1 | |
43 total
Chat log
(13:11 / All) Nagger_: whoops
(31:32 / All) Nagger_: lol
(34:16 / All) Nagger_: HAPPY HAPPY HAPPY HAPPY HAPPY
(34:19 / All) Nagger_: JOY JOY JOY JOY
(34:29 / All) HillBilly: RETARD RETARD
(34:38 / All) Nagger_: what does that make you
(34:43 / All) Nagger_: you got outsmarted by a retard
(34:52 / All) HillBilly: normal guy
(34:55 / All) HillBilly: with a life
(34:59 / All) HillBilly: other than wc3
(34:59 / All) Nagger_: dumber than a tard lol
(35:07 / All) Nagger_: I haven't even played this game in half a year
(37:51 / All) Nagger_: HAPPY HAPPY JOY JOY HAPPY HAPPY JOY JOY
(41:37 / All) HillBilly: ‚do you like wasting time?
(41:42 / All) Nagger_: do you
(41:45 / All) HillBilly: yep
(41:50 / All) HillBilly: I enjoy it
(41:55 / All) HillBilly: JOY JOY JOY
(42:05 / All) Nagger_: I can end it at any time I want
(42:08 / All) HillBilly: SUFFER SUFFER SUFFER
(42:09 / All) Nagger_: HAPPY HAPPY JOY JOY
(44:58 / All) Nagger_: another rip roaring adventure, as our hero saves the day by stamping out the evil that infests the forests
(45:17 / All) HillBilly: dont be blinded by mh fool
(45:31 / All) HillBilly: learn to play
(45:33 / All) Nagger_: is that what they're calling map awareness nowadays
(47:50 / All) HillBilly: I got plenty of trees and time
(47:51 / All) HillBilly: bye
(52:05 / All) Nagger_: I wrote fag in your base, cuz you are one
(52:09 / All) Nagger_: what are you going to do about it
(53:30 / All) HillBilly: well you suck at writing
(62:40 / All) Nagger_: ASL
(64:21 / All) Nagger_: Get thee out of the forest, evil
(66:36 / All) Nagger_: how are you 11-9 lol
(66:39 / All) Nagger_: 11-10 now
(68:02 / All) Nagger_: Your only chance at victory is if I lose connection
(68:06 / All) Nagger_: which is quite possible
(68:12 / All) Nagger_: So hold on to hope
(68:27 / All) Nagger_: Never give up sonny boy